 Dungeon Crawl Stone Soup version 0.31-a0-986-g5e6e4ef867 (webtiles) character file.

Game seed: 629883683855053190

86 sammy202020 the Ruffian (level 4, 0/34 HPs)
             Began as a Demonspawn Shapeshifter on Nov 14, 2023.
             Slain by an ogre
             ... wielding a +0 giant club
              (29 damage)
             ... on level 3 of the Dungeon.
             The game lasted 00:02:02 (1634 turns).

sammy202020 the Ruffian (Demonspawn Shapeshifter)   Turns: 1634, Time: 00:02:03

Health: 0/34       AC:  5    Str: 16    XL:     4   Next: 26%
Magic:  4/4        EV: 11    Int: 12    God:
Gold:   95         SH:  0    Dex: 20    Spells: 3/3 levels left

rFire   . .          .
                       - Unarmed
rCold   . . .        (no shield)
rNeg    . . .        e - +0 ring mail
rPois   .            (helmet currently unavailable)
rElec   .            (cloak currently unavailable)
rCorr   .            (gloves currently unavailable)
SInv    .            (boots currently unavailable)
Will    +....        (no amulet)
Stlth   ++           g - +6 ring of dexterity
HPRegen 0.25/turn    (no ring)
MPRegen 0.09/turn

%: no passive effects
@: brilliant, beast-form, enlightened, flying
A: beast (slay +1), thin skeletal structure 1, foul stench 1
a: Begin Untransformation


You were on level 3 of the Dungeon.
You were a hulking beast.
You visited 1 branch of the dungeon, and saw 3 of its levels.

You collected 95 gold pieces.

Inventory:

Armour
 a - a +0 animal skin
 e - a +0 ring mail (worn)
Jewellery
 g - a +6 ring of dexterity (left hand)
Talismans
 c - a beast talisman
 d - a flux talisman
Scrolls
 k - a scroll of noise
Potions
 b - 2 potions of lignification
 f - a potion of curing


   Skills:
 * Level 2.3 Fighting
 + Level 1.0 Armour
 + Level 2.0 Dodging
 * Level 3.2 Unarmed Combat
 * Level 3.2 Shapeshifting


You had 3 spell levels left.
You didn't know any spells.
Your spell library contained the following spells:

 Spells                   Type           Power      Damage    Failure   Level
 Haunt                    Necr/Summ      0%         N/A       100%        7
 Borgnjor's Revivificati  Necr           0%         N/A       100%        8
 Death's Door             Necr           0%         N/A       100%        9


Dungeon Overview and Level Annotations

Branches:
Dungeon (3/15)

Altars:


Innate Abilities, Weirdness & Mutations

You are a hulking beast.
Your limbs bulge with bestial killing power. (Slay +1)
You have a somewhat thin skeletal structure. (Dex +2, Stealth+)
You may rarely emit foul miasma when damaged in melee.


Message History

You hear a loud clanging noise!
It was a scroll of noise.
You hear a shout!
As you read the scroll labelled CEHOSE IHADWI, it crumbles to dust.
It is a scroll of identify.
f - a potion of curing It was a potion of brilliance.
You feel clever all of a sudden.
Your surroundings suddenly seem different.
It was a potion of heal wounds.
You feel much better.
It was a potion of enlightenment.
You feel very buoyant.
You fly up into the air.
It was a potion of magic.
Magic courses through your body.
There is a stone staircase leading down here.
You fly downwards.
There is a stone staircase leading up here.
There is a stone staircase leading up here.
An ogre comes into view. It is wielding a +0 giant club.
An ogre is nearby!
An ogre is nearby!
The ogre shouts!
You hit the ogre.
The ogre is lightly wounded.
You hit the ogre.
The ogre is lightly wounded.
The ogre barely misses you.
You barely miss the ogre.
The ogre is lightly wounded.
The ogre hits you with a +0 giant club.
You hit the ogre.
The ogre is lightly wounded.
You barely miss the ogre.
The ogre is lightly wounded.
The ogre closely misses you.
You hit the ogre. You punch the ogre.
The ogre is heavily wounded.
The ogre hits you with a +0 giant club!!
Ouch! That really hurt!
You die...

### ## #.. .#
#.######.##
#.#...#...#####
#.#....hO......
#.#...#...#####
#.##.###.##
#.##.###.#
#.<......#
####.##### #.#
#.# #.#


You could see an ogre.

Vanquished Creatures
  4 adders (D:2)
  2 endoplasms
  4 giant cockroaches
  5 goblins
  3 hobgoblins
  3 jackals (D:2)
  5 quokkas
  4 ball pythons
  2 bats (D:1)
  6 frilled lizards
  4 kobolds
  8 rats
50 creatures vanquished.

Notes
Turn   | Place    | Note
-------+----------+-------------------------------------------
     0 | D:1      | sammy202020 the Demonspawn Shapeshifter began the quest for
                  | the Orb.
     0 | D:1      | Reached XP level 1. HP: 15/15 MP: 1/1
   175 | D:1      | Gained mutation: You may rarely emit foul miasma when
                  | damaged in melee. [demonic ancestry]
   175 | D:1      | Reached XP level 2. HP: 21/21 MP: 2/2
   739 | D:2      | Reached XP level 3. HP: 27/27 MP: 3/3
  1051 | D:2      | Gained mutation: You have a somewhat thin skeletal
                  | structure. (Dex +2, Stealth+) [demonic ancestry]
  1051 | D:2      | Reached XP level 4. HP: 33/33 MP: 4/4
  1138 | D:2      | Reached skill level 1 in Armour
  1625 | D:3      | Noticed an ogre
  1634 | D:3      | Slain by an ogre

Illustrated notes

Levels and vault maps discovered:
D:1:      dpeg_arrival_renting, layout_rooms, serial_glass, glass_columns_b,
          glass_columns_a, minmay_misc_feat_room
D:2:      layout_basic, wad_floor_pattern_untrapped, minmay_tree_intersection,
          uniq_crazy_yiuf_cottage
D:3:      layout_loops_corners

Skill      XL: |  1  2  3  4 |
---------------+-------------+-----
Unarmed Combat | 3 |  3.2
Fighting       | 2 |  2.3
Shapeshifting  | 3 |  3.2
Dodging        | 2 |  2.0
Armour         | 1 |  1.0

Action                     |  1- 3 |  4- 6 || total
---------------------------+-------+-------++-------
  Melee: Unarmed           |   120 |    33 ||   153
         Punch             |     2 |     2 ||     4
    Use: Potion            |       |     4 ||     4
         Scroll            |       |     3 ||     3
   Stab: Sleeping          |       |     2 ||     2
 Armour: Ring mail         |    69 |    12 ||    81
         Animal skin       |     5 |       ||     5
  Dodge: Dodged            |    51 |    18 ||    69

Table legend: (Time is in decaauts)
 A = Elapsed time spent in this place.
 B = Non-inter-level travel time spent in this place.
 C = Inter-level travel time spent in this place.
 D = Time resting spent in this place.
 E = Time spent auto-exploring this place.
 F = Levels seen in this place.
 G = Mean time per level.
                   A        B        C        D        E       F      G
               +--------+--------+--------+--------+--------+-----+--------+
         Total |   1624 |   1539 |     85 |      0 |   1232 |   3 |  541.3 |
       Dungeon |   1624 |   1539 |     85 |      0 |   1232 |   3 |  541.3 |
               +--------+--------+--------+--------+--------+-----+--------+

Top non-repeatable levels by time:
     D:2: 931 daAuts
     D:1: 677 daAuts
     D:3: 16 daAuts
